 Dungeon Crawl Stone Soup version 0.22.1-5-g62c59d9 (webtiles) character file.

5421 Fang the Cleaver (level 10, -10/96 HPs)
             Began as a Gargoyle Berserker on Jan 14, 2019.
             Was an Elder of Trog.
             Splashed by an acid dragon's acid (14 damage)
             ... on level 8 of the Dungeon on Jan 15, 2019.
             The game lasted 00:10:05 (8290 turns).

Fang the Cleaver (Gargoyle Berserker)               Turns: 8290, Time: 00:10:05

Health: -10/96     AC: 22    Str: 28    XL:     10   Next: 67%
Magic:  10/10      EV:  8    Int: 11    God:    Trog [****..]
Gold:   608        SH:  0    Dex:  9    Spells: 9/9 levels left

rFire    . . .     SeeInvis .   s - +2 war axe
rCold    . . .     Gourm    .   (no shield)
rNeg     + . .     Faith    .   i - +1 plate armour
rPois    ∞         Spirit   .   (no helmet)
rElec    +         Reflect  .   (no cloak)
rCorr    .         Harm     .   (no gloves)
MR       .....                  (no boots)
Stlth    ..........             (no amulet)
HPRegen  0.26/turn              y - +2 ring of intelligence
MPRegen  0.12/turn              (no ring)

@: berserking, very quick
A: negative energy resistance 1, electricity resistance, unbreathing,
petrification resistance, rot immunity, AC +7
a: Berserk, Trog's Hand, Brothers in Arms, Renounce Religion


You were on level 8 of the Dungeon.
You worshipped Trog.
Trog was greatly pleased with you.
You were hungry.

You visited 1 branch of the dungeon, and saw 8 of its levels.

You collected 608 gold pieces.

Inventory:

Hand Weapons
 s - a +2 war axe (weapon)
 u - a +3 broad axe
Armour
 i - a +1 plate armour (worn)
Jewellery
 t - an uncursed amulet of magic regeneration {unknown}
 y - a +2 ring of intelligence (left hand)
Wands
 q - a wand of acid (18)
 r - a wand of random effects (13)
Scrolls
 g - 7 scrolls of identify
 j - 2 scrolls of remove curse
 k - 3 scrolls of teleportation
 m - a scroll of noise
 n - 2 scrolls of fog
Potions
 a - a potion of haste {unknown}
 b - a potion of brilliance {unknown}
 e - 3 potions of heal wounds {unknown}
 f - 2 potions of lignification {unknown}
 h - 3 potions of curing
 l - a potion of flight {unknown}
 o - 2 potions of resistance {unknown}
 p - a potion of invisibility {unknown}
Comestibles
 c - 14 rations


   Skills:
 + Level 8.0 Fighting
 + Level 10.7 Axes
 + Level 9.0 Armour
 + Level 2.5 Dodging
 + Level 0.7 Stealth


You had 9 spell levels left.
You didn't know any spells.
Your spell library was empty.

Dungeon Overview and Level Annotations

Branches:
Dungeon (8/15)             Temple (0/1) D:7            Lair (0/6) D:8

Altars:
Ashenzari
Cheibriados
Fedhas
Hepliaklqana
Nemelex Xobeh
Okawaru
Ru
Uskayaw
Xom
Yredelemnul
The Shining One

Shops:
D:4 %


Innate Abilities, Weirdness & Mutations

You are resistant to torment.
Your stone body is resilient. (AC +7)
You are immune to poison.
You resist negative energy. (rN+)
You are resistant to electric shocks. (rElec)
You can survive without breathing.
You are immune to petrification.
You are immune to rotting.


Message History

Unknown command.
You slice the two-headed ogre!!
The two-headed ogre is heavily wounded.
The two-headed ogre hits you with a giant club.
* * * LOW HITPOINT WARNING * * *
The two-headed ogre misses you.
Unknown command.
You slice the two-headed ogre!!
The two-headed ogre is almost dead.
You slice the two-headed ogre!!
You feel the power of Trog in you as your rage grows.
You kill the two-headed ogre!
Trog accepts your kill.
Your Fighting skill increases to level 8!
Your Armour skill increases to level 9!
The acid dragon spits acid at you. The splash of acid hits you!
* * * LOW HITPOINT WARNING * * *
You are splashed with acid!
The acid burns!
You die...

***#.#...........................
#.#...#8..8#...##########.####
#....##....##....# #.#
#>#.##......##.#.# #.# ##
#.#.###....###(..# #.###.
#.#.#*########..)########....#
####.#.#⌠......⌠#.#..............
.....#.#,._.._..#(#..############
.....#.'⌠......D@.#..#
######.#,.......#.#..#* #
*,**########.....* #
*,,,,,,,,,,...###########* #
**********,...##PPPPPPPPP#* #
*#####PPPPPPP..PP* #
##.P.PPPP.>.PP# # #....PPPPl..PP#
* #.....P.PPPPPP#


You could see an acid dragon.

Vanquished Creatures
  A two-headed ogre (D:8)
  A deep troll (D:8)
  Pikel (D:7)
  A cyclops (D:8)
  A komodo dragon (D:8)
  A human (D:7)
  4 hogs (D:7)
  A hungry ghost (D:7)
  A water moccasin (D:8)
  An ice beast (D:5)
  A phantom (D:4)
  3 sky beasts
  4 slaves (D:7)
  A black bear (D:7)
  2 centaurs
  5 ogres
  A bullfrog (D:8)
  2 scorpions (D:4)
  3 howler monkeys (D:7)
  A crimson imp (D:6)
  A bullfrog zombie (D:8)
  A jelly (D:8)
  3 hounds
  3 orc wizards
  An orc priest (D:6)
  2 centaur skeletons
  A bullfrog skeleton (D:4)
  An iguana (D:6)
  3 worker ants
  2 killer bee zombies
  2 hound skeletons
  A worker ant zombie (D:8)
  A howler monkey zombie (D:5)
  7 gnolls
  13 adders
  2 shadow imps
  4 oozes
  An adder zombie (D:6)
  An adder skeleton (D:5)
  2 worms (D:3)
  3 dart slugs
  7 leopard geckos
  17 orcs
  2 ball pythons
  10 bats
  14 giant cockroaches
  5 hobgoblins
  2 jackals (D:4)
  3 quokkas
  5 frilled lizards
  A giant cockroach zombie (D:5)
  2 gnoll zombies (D:3)
  6 goblins
  2 jackal skeletons
  6 kobolds
  A leopard gecko skeleton (D:5)
  A quokka skeleton (D:5)
  7 rats
182 creatures vanquished.

Vanquished Creatures (others)
  A plant (D:8)
1 creature vanquished.

Grand Total: 183 creatures vanquished

Notes
Turn   | Place    | Note
-------+----------+-------------------------------------------
     0 | D:1      | Fang the Gargoyle Berserker began the quest for the Orb.
     0 | D:1      | Reached XP level 1. HP: 14/14 MP: 1/1
    83 | D:1      | Reached XP level 2. HP: 15/19 MP: 2/2
    94 | D:1      | Reached skill level 3 in Axes
   176 | D:1      | Reached XP level 3. HP: 23/24 MP: 3/3
   469 | D:1      | Reached ** piety under Trog
   710 | D:2      | Reached XP level 4. HP: 27/29 MP: 4/4
   964 | D:2      | Found a sacrificial altar of Ru.
  1328 | D:3      | Reached skill level 4 in Axes
  1351 | D:3      | Found a blossoming altar of Fedhas.
  1388 | D:3      | Reached XP level 5. HP: 22/33 MP: 5/5
  1870 | D:3      | Found a shimmering altar of Xom.
  1871 | D:3      | Found a hazy altar of Hepliaklqana.
  1872 | D:3      | Noticed a spectral ugly thing
  1973 | D:3      | Found a basalt altar of Yredelemnul.
  2360 | D:3      | Reached *** piety under Trog
  2394 | D:4      | Found Hoejaepo's Food Emporium.
  2480 | D:4      | Noticed an ogre
  2482 | D:4      | Noticed a phantom
  2486 | D:4      | Killed an ogre
  2486 | D:4      | Reached skill level 5 in Axes
  2486 | D:4      | Reached XP level 6. HP: 31/39 MP: 6/6
  2494 | D:4      | Killed a phantom
  2734 | D:4      | Found a shattered altar of Ashenzari.
  2948 | D:4      | Reached XP level 7. HP: 44/44 MP: 7/7
  3178 | D:4      | Reached skill level 6 in Axes
  3524 | D:5      | Entered Level 5 of the Dungeon
  4191 | D:5      | Found a hide-covered altar of Uskayaw.
  4196 | D:5      | Reached skill level 5 in Fighting
  4196 | D:5      | Reached XP level 8. HP: 46/49 MP: 8/8
  4280 | D:5      | Reached skill level 5 in Armour
  5020 | D:6      | Found an iron altar of Okawaru.
  5112 | D:6      | Reached **** piety under Trog
  5124 | D:6      | Reached skill level 7 in Axes
  5697 | D:6      | Found a glowing golden altar of the Shining One.
  5973 | D:7      | Noticed Pikel
  6029 | D:7      | Killed Pikel
  6029 | D:7      | Reached skill level 8 in Axes
  6029 | D:7      | Reached XP level 9. HP: 39/55 MP: 9/9
  6165 | D:7      | Paralysed by fainting for 12 turns
  6189 | D:7      | Paralysed by fainting for 7 turns
  7364 | D:7      | Found a staircase to the Ecumenical Temple.
  7465 | D:7      | Reached skill level 9 in Axes
  7584 | D:7      | Reached XP level 10. HP: 61/63 MP: 10/10
  7781 | D:8      | Found a staircase to the Lair.
  8107 | D:8      | Found a sparkling altar of Nemelex Xobeh.
  8108 | D:8      | Found a snail-covered altar of Cheibriados.
  8238 | D:8      | Found a shimmering altar of Xom.
  8238 | D:8      | Noticed a two-headed ogre
  8240 | D:8      | Found a hide-covered altar of Uskayaw.
  8240 | D:8      | Noticed a cyclops
  8277 | D:8      | Killed a cyclops
  8277 | D:8      | Reached skill level 10 in Axes
  8277 | D:8      | Noticed a deep troll
  8286 | D:8      | Killed a deep troll
  8289 | D:8      | Killed a two-headed ogre
  8290 | D:8      | HP: 4/96 [acid dragon/splash of acid (15)]
  8290 | D:8      | Splashed by an acid dragon's acid

Skill      XL: |  1  2  3  4  5  6  7  8  9 10 |
---------------+-------------------------------+-----
Axes           | 3 4 5 6 8 9 10 | 10.7
Dodging        | 2 |  2.5
Fighting       | 4 5 6 7 8 |  8.0
Armour         | 3 4 6 8 9 |  9.0
Stealth        | |  0.7

Action                   |  1- 3 |  4- 6 |  7- 9 | 10-12 || total
-------------------------+-------+-------+-------+-------++-------
Melee: Hand axe          |    91 |    86 |   221 |       ||   398
       War axe           |       |   258 |   197 |    92 ||   547
Invok: Berserk           |     1 |     1 |     8 |     2 ||    12
  Use: Scroll            |       |     7 |       |     6 ||    13
  Eat: Chunk             |       |     9 |    17 |     3 ||    29
       Ration            |       |       |     5 |       ||     5
Armor: Animal skin       |    38 |       |       |       ||    38
       Plate armour      |    37 |   365 |   388 |    63 ||   853
Dodge: Dodged            |    60 |   141 |   160 |    59 ||   420
